 Dungeon Crawl Stone Soup version 0.27-a0-1278-g6cbc8dfb29 (webtiles) character file.

Game seed: 4308349123962908394

487 ZappyNine the Digger (level 6, 0/43 HPs)
             Began as a Vampire Earth Elementalist on June 12, 2021.
             Succumbed to a kobold's poison
             ... in a sewer.
             The game lasted 00:10:23 (3519 turns).

ZappyNine the Digger (Vampire Earth Elementalist)   Turns: 3519, Time: 00:10:23

Health: 0/43       AC:  5    Str:  7    XL:     6   Next: 89%
Magic:  19/20      EV: 12    Int: 20    God:
Gold:   230        SH:  0    Dex: 16    Spells: 6/12 levels left

rFire    + . .     SeeInvis +   e - +1 dagger
rCold    . . .     Faith    .   (no shield)
rNeg     . . .     Spirit   .   c - +1 robe
rPois    .         Reflect  .   (no helmet)
rElec    .         Harm     .   (no cloak)
rCorr    .         Rampage  .   o - +0 pair of gloves
Will     .....                  d - +0 pair of boots of Lyach {Drain rF+ Dex+2}
Stlth    ++........             (no amulet)
HPRegen  0.34/turn              q - ring of magical power
MPRegen  0.17/turn              (no ring)

@: lethally poisoned (0 -> -6), healing quickly
A: alive, fangs 3, see invisible, vampiric 2
a: Exsanguinate


You were in a sewer.
You visited 1 branch of the dungeon, and saw 4 of its levels.
You also visited: Sewer.

You collected 230 gold pieces.

Inventory:

Hand Weapons
 e - a +1 dagger (weapon)
Missiles
 b - 41 stones
 k - 4 boomerangs of dispersal
Armour
 c - a +1 robe (worn)
 d - the +0 pair of boots of Lyach (worn) {Drain rF+ Dex+2}
   (You found it on level 2 of the Dungeon)

   It affects your dexterity (+2).
   It protects you from fire.
   It drains your maximum health when unequipped.
 o - a +0 pair of gloves (worn)
 p - a +0 pair of boots
Jewellery
 q - a ring of magical power (left hand)
Scrolls
 f - 2 scrolls of amnesia
 g - a scroll of fog
 h - a scroll of immolation
 n - 2 scrolls of teleportation
Potions
 a - a potion of berserk rage {unknown}
 i - a potion of heal wounds {unknown}
 j - 2 potions of flight
 l - 3 potions of curing
 m - a potion of degeneration {unknown}


   Skills:
 - Level 1.3 Fighting
 - Level 2.1 Dodging
 - Level 3.0 Stealth
 + Level 3.9 Spellcasting
 * Level 3.2 Conjurations
 - Level 1.1 Transmutations
 + Level 4.7 Earth Magic


You had 6 spell levels left.
You knew the following spells:

 Your Spells              Type           Power      Damage    Failure   Level
a - Sandblast             Erth           44%        2d11      1%          1
b - Stone Arrow           Conj/Erth      38%        3d9       8%          3
c - Passwall              Tmut/Erth      12%        N/A       6%          2

Your spell library contained the following spells:

 Spells                   Type           Power      Damage    Failure   Level
 Petrify                  Tmut/Erth      15%        N/A       36%         4
 Lee's Rapid Deconstruct  Erth           11%        3d9*      45%         5


Dungeon Overview and Level Annotations

Branches:
Dungeon (4/15)             Temple (0/1) D:4           Sewer (1/1)

Altars:
Dithmenos
Hepliaklqana
Makhleb


Innate Abilities, Weirdness & Mutations

Your natural rate of healing is accelerated.
You have razor-sharp teeth.
You have supernaturally acute eyesight. (SInv)
You are afflicted with vampirism and can become a bat while bloodless.


Message History

You are too injured to fight recklessly!
You are too injured to fight recklessly!
You are too injured to fight recklessly!
You are too injured to fight recklessly!
You are too injured to fight recklessly!
You are too injured to fight recklessly!
You are too injured to fight recklessly!
You are too injured to fight recklessly!
You are too injured to fight recklessly!
Unknown command.
Casting: Sandblast (safe; 1% risk of failure)
Confirm with . or Enter, or press ? or * to list all spells.
Aiming: Sandblast (safe; 1% risk of failure)
Press: ? - help, Shift-Dir - straight line, f - kobold
Aim: a kobold, wielding a +1 dagger of venom (moderately wounded, 76% to hit)
The blast of sand hits the kobold!
You kill the kobold!
You feel very sick. The kobold hits you but does no damage.
Casting: Sandblast (safe; 1% risk of failure)
Confirm with . or Enter, or press ? or * to list all spells.
Aiming: Sandblast (safe; 1% risk of failure)
Press: ? - help, Shift-Dir - straight line, f - kobold
Aim: a kobold, wielding a +0 short sword (76% to hit)
The blast of sand hits the kobold.
You kill the kobold!
You hear a splash.
* * * LOW HITPOINT WARNING * * *
You feel very sick.
Keep bloodletting?
* * * LOW HITPOINT WARNING * * *
You feel very sick.
You begin bloodletting.
You continue bloodletting.
* * * LOW HITPOINT WARNING * * *
You feel very sick.
You continue bloodletting.
* * * LOW HITPOINT WARNING * * *
You feel sick.
You continue bloodletting.
You die...

≈≈ ≈≈
##.######
#........
#.≈≈≈≈≈≈≈
#.≈≈≈≈≈
#))≈#
#@.≈#
#.≈≈#
#.≈≈#
#.≈≈#
#.≈≈#
#..≈#
#.≈≈#
#.≈≈#
######.≈≈#


There were no monsters in sight!

Vanquished Creatures
  Sigmund (D:3)
  An ogre (D:4)
  A hound (D:4)
  An orc priest (D:3)
  6 adders
  3 gnolls
  A worm (D:4)
  2 dart slugs
  11 orcs
  5 endoplasms (D:2)
  4 giant cockroaches
  8 goblins
  5 hobgoblins
  3 jackals (D:1)
  9 kobolds
  5 quokkas
  4 ball pythons
  8 bats
  4 rats
82 creatures vanquished.

Vanquished Creatures (others)
  A fungus (D:3)
  4 toadstools (D:3)
5 creatures vanquished.

Grand Total: 87 creatures vanquished

Notes
Turn   | Place    | Note
-------+----------+-------------------------------------------
     0 | D:1      | ZappyNine the Vampire Earth Elementalist began the quest
                  | for the Orb.
     0 | D:1      | Reached XP level 1. HP: 13/13 MP: 3/3
   216 | D:1      | Reached XP level 2. HP: 16/20 MP: 0/5
   573 | D:1      | Found a faded altar of an unknown god.
   828 | D:2      | Reached skill level 1 in Fighting
   855 | D:2      | Gained mutation: You are afflicted with vampirism and can
                  | become a bat while bloodless. [Vampire growth]
   855 | D:2      | Reached XP level 3. HP: 15/26 MP: 1/6
   901 | D:1      | Learned a level 3 spell: Stone Arrow
  1240 | D:2      | Reached skill level 1 in Conjurations
  1240 | D:2      | Reached XP level 4. HP: 28/32 MP: 0/8
  1415 | D:2      | Learned a level 2 spell: Passwall
  1603 | D:2      | Identified the +0 pair of boots of Lyach {Drain rF+ Dex+2}
  2165 | D:3      | Found a shadowy altar of Dithmenos.
  2284 | D:3      | Reached XP level 5. HP: 24/37 MP: 5/9
  2347 | D:3      | Reached skill level 4 in Earth Magic
  2401 | D:3      | Found a hazy altar of Hepliaklqana.
  2535 | D:3      | Noticed Sigmund
  2538 | D:3      | Killed Sigmund
  2539 | D:3      | Reached XP level 6. HP: 35/43 MP: 2/11
  3193 | D:4      | Found a burning altar of Makhleb.
  3466 | D:4      | Found a glowing drain.
  3473 | Sewer    | Entered a sewer
  3518 | Sewer    | HP: 2/43 [poisoned by a kobold]
  3519 | Sewer    | Succumbed to a kobold's poison

Illustrated notes

Levels and vault maps discovered:
D:1:      lightli_arrival_lavapool, layout_basic,
          hellmonk_ecumenical_altar_blasted, supply_closet_lemuel
D:2:      layout_basic, lightli_corner_chamber
D:3:      layout_rooms, lemuel_round_altar, nicolae_dithmenos_shadow_blocks,
          minmay_gold_behind_fungi, uniq_sigmund
D:4:      layout_cave_pools, makhleb_heckhound_becter,
          minmay_temple_entry_poolview, gup_sewer_entry_bubbles
Sewer:    kennysheep_sewer_church

Skill      XL: |  1  2  3  4  5  6 |
---------------+-------------------+-----
Fighting       | 1 |  1.3
Conjurations   | 1 2 3 |  3.2
Spellcasting   | 3 |  3.9
Earth Magic    | 4 |  4.7
Dodging        | |  2.1
Stealth        | |  3.0
Transmutations | |  1.1

Action                   |  1- 3 |  4- 6 || total
-------------------------+-------+-------++-------
Melee: Unarmed           |    10 |       ||    10
       Bite              |     7 |     6 ||    13
       Dagger            |    41 |   130 ||   171
 Cast: Sandblast         |    25 |    47 ||    72
       Stone Arrow       |     4 |    10 ||    14
       Passwall          |       |     7 ||     7
 Abil: Exsanguinate      |       |     1 ||     1
  Use: Scroll            |       |    10 ||    10
       Potion            |       |     1 ||     1
 Stab: Sleeping          |     4 |     5 ||     9
Armor: Robe              |     6 |    44 ||    50
Dodge: Dodged            |    34 |   112 ||   146

Table legend: (Time is in decaauts)
 A = Elapsed time spent in this place.
 B = Non-inter-level travel time spent in this place.
 C = Inter-level travel time spent in this place.
 D = Time resting spent in this place.
 E = Time spent auto-exploring this place.
 F = Levels seen in this place.
 G = Mean time per level.
                   A        B        C        D        E       F      G
               +--------+--------+--------+--------+--------+-----+--------+
         Total |   3536 |   3405 |    131 |    743 |   1783 |   5 |  707.2 |
       Dungeon |   3490 |   3359 |    131 |    743 |   1760 |   4 |  872.5 |
         Sewer |     45 |     45 |      0 |      0 |     23 |   1 |   45.0 |
               +--------+--------+--------+--------+--------+-----+--------+

Top non-repeatable levels by time:
     D:2: 1355 daAuts
     D:3: 942 daAuts
     D:1: 867 daAuts
     D:4: 324 daAuts
   Sewer: 45 daAuts
